 Dungeon Crawl Stone Soup version 0.23.2-33-g5129a83184 (webtiles) character file.

Game seed: 2800769884994156199

31 DildoBatman the Magician (level 3, -1/24 HPs)
             Began as a Formicid Wizard on July 23, 2019.
             Slain by an adder (3 damage)
             ... on level 2 of the Dungeon.
             The game lasted 00:04:11 (1414 turns).

DildoBatman the Magician (Formicid Wizard)          Turns: 1414, Time: 00:04:11

Health: -1/24      AC:  2    Str:  8 (11) XL:     3   Next: 40%
Magic:  0/7        EV: 12    Int: 17 (18) God:
Gold:   95         SH:  0    Dex:  7 (9)  Spells: 1/8 levels left

rFire    . . .     SeeInvis +   c - +0 club
rCold    . . .     Gourm    .   (no shield)
rNeg     . . .     Faith    .   a - +0 robe
rPois    .         Spirit   .   (helmet unavailable)
rElec    .         Reflect  .   (no cloak)
rCorr    .         Harm     .   (no gloves)
MR       .....                  (no boots)
Stlth    ++........             (no amulet)
HPRegen  0.08/turn              l - ring of teleportation (curse)
MPRegen  0.10/turn              (no ring)

@: lethally poisoned (-1 -> -7), very slightly contaminated
A: permanent stasis, dig shafts and tunnels, four strong arms, antennae 3
a: Dig, Shaft Self


You were on level 2 of the Dungeon.
You were not hungry.

You visited 1 branch of the dungeon, and saw 2 of its levels.

You collected 95 gold pieces.

Inventory:

Hand Weapons
 c - a +0 club (weapon)
Missiles
 e - 119 stones (quivered)
 g - 26 arrows
Armour
 a - a +0 robe (worn)
Jewellery
 l - a cursed ring of teleportation (left hand)
Scrolls
 f - a scroll of identify {unknown}
 h - 2 scrolls of magic mapping {unknown}
 m - 3 scrolls of remove curse {unknown}
Potions
 b - a potion of degeneration
 d - a potion of brilliance {unknown}
 j - a potion of might {unknown}
 k - a potion of magic {unknown}
Comestibles
 i - 4 rations


   Skills:
 - Level 1.7 Dodging
 - Level 2.4 Stealth
 - Level 3.2 Spellcasting
 * Level 2.8 Conjurations
   Level 1.0 Summonings
   Level 0.8 Translocations


You had one spell level left.
You knew the following spells:

 Your Spells              Type           Power        Failure   Level  Hunger
a - Conjure Flame         Conj/Fire      #.......     28%         3    ###....
c - Magic Dart            Conj           ##..         5%          1    None
e - Mephitic Cloud        Conj/Pois/Air  #.......     34%         3    ###....

Your spell library contained the following spells:

 Spells                   Type           Power        Failure   Level  Hunger
 Call Imp                 Summ           #.......     17%         2    ##.....
 Slow                     Hex            #.......     26%         2    ##.....
 Blink                    Tloc           Unusable     N/A         2    N/A

Dungeon Overview and Level Annotations

Branches:
Dungeon (2/15)

Altars:

Annotations:
D:2 1 runed translucent door, Crazy Yiuf, Jessica


Innate Abilities, Weirdness & Mutations

You cannot be hasted, slowed, berserked, paralysed or teleported.
You can dig through walls and to a lower floor.
Your four strong arms can wield two-handed weapons with a shield.
You have a pair of large antennae on your head. (SInv)


Message History

The adder is almost dead.
You feel sick. The adder bites you.
Casting: Magic Dart (safe; 4% risk of failure)
Confirm with . or Enter, or press ? or * to list all spells.
Aiming: Magic Dart (safe; 4% risk of failure)
Press: ? - help, Shift-Dir - straight line, f/p - adder
Aim: an adder (almost dead)
The magic dart hits the adder but does no damage.
The adder is almost dead.
You feel sick. The adder closely misses you. x2
It was a potion of degeneration.
There was something very wrong with that liquid.
You feel weakened.
You feel dopey.
You feel clumsy.
You feel sick. The adder bites you.
You die...

###.#.....##.....#
.##.#.....##.....#
..........'..#
.....#....##.#
.##..#....##.#
.....#..[.##'#########
.##..#....#....w.....#
.##.##....'..........#
.##.##....#....S@....#
.##.##....############
.##.####### .##.# +#
+# ...... ......
...... .....(


You could see a worm (confused) and an adder.

Vanquished Creatures
  An ooze (D:2)
  2 leopard geckos (D:2)
  A giant cockroach (D:2)
  5 goblins
  3 hobgoblins (D:1)
  A jackal (D:1)
  A quokka (D:2)
  A ball python (D:2)
  4 bats
  2 kobolds
  2 rats (D:2)
23 creatures vanquished.

Notes
Turn   | Place    | Note
-------+----------+-------------------------------------------
     0 | D:1      | DildoBatman the Formicid Wizard began the quest for the
                  | Orb.
     0 | D:1      | Reached XP level 1. HP: 13/13 MP: 4/4
    13 | D:1      | Reached skill level 1 in Conjurations
   147 | D:1      | Reached XP level 2. HP: 19/19 MP: 3/6
   819 | D:2      | Noticed Jessica
   899 | D:2      | Reached XP level 3. HP: 24/24 MP: 1/7
   904 | D:2      | Learned a level 3 spell: Conjure Flame
   908 | D:2      | Learned a level 3 spell: Mephitic Cloud
  1207 | D:2      | Found a runed translucent door.
  1208 | D:2      | Noticed Crazy Yiuf
  1414 | D:2      | Slain by an adder

Skill      XL: |  1  2 |
---------------+-------+-----
Conjurations   | 1 2 |  2.8
Dodging        | |  1.7
Stealth        | |  2.4
Spellcasting   | |  3.2
Summonings     | |  1.0
Translocations | |  0.8

Action                   || total
-------------------------++-------
Melee: Club              ||    15
 Cast: Magic Dart        ||    56
       Conjure Flame     ||     1
       Mephitic Cloud    ||     1
 Abil: Dig               ||     3
  Use: Potion            ||     1
 Stab: Confused          ||     1
  Eat: Ration            ||     1
Armor: Robe              ||     3
Dodge: Dodged            ||    17
